AoeStats
← zuzmuz

MegaRandom

505474569Analyzed
3v3 RM · 22d ago on Sep 9, 2026· 30m 1s· 6 players
Game mode
Random Map
Map size
Normal (6 player)
Population
200
Speed
Normal
Resources
Standard
Victory
Conquest
Starting age
Dark Age
Ending age
Imperial Age
RankedLock teamsTeams togetherTeam positionsShared explorationLock speedFull tech treeHidden civsTurbo modeCheats
Victory
Defeat
🇧🇾 Goths · Belarus
1304
+13
🇫🇮 Bengalis · Finland
1289
+14
🇩🇪 Byzantines · Germany
1169
+17
🇫🇷 Ethiopians · France
1244
-15
🇮🇶 Mongols · Iraq
1235
-15
🇱🇧 Persians · Lebanon
1218
-14
Captain Coach
12:50 Feudal Age
13:23 Double-Bit Axe
13:24 Horse Collar
15:42 Loom
19:41 Castle Age
28:31 Scale Barding Armor
zuzmuz
9:32 Loom
14:07 Feudal Age
18:05 Castle Age
17:44 Double-Bit Axe
Kavorr
8:45 Loom
13:17 Feudal Age
14:12 Double-Bit Axe
14:09 Horse Collar
16:28 Gold Mining
19:16 Fletching
23:54 Castle Age
Iribaar
6:16 Loom
14:37 Feudal Age
15:06 Double-Bit Axe
19:55 Castle Age
19:06 Fletching
29:49 Bow Saw
HURMA
5:01 Loom
11:38 Feudal Age
16:47 Castle Age
15:02 Gold Mining
15:09 Man-at-Arms
16:09 Double-Bit Axe
17:23 Horse Collar
18:16 Long Swordsman
23:08 Scale Mail Armor
25:26 Squires
28:29 Wheelbarrow
28:21 Stone Mining
28:58 Heavy Plow
29:12 Bow Saw
Flash
2:47 Loom
12:10 Feudal Age
15:51 Castle Age
13:41 Double-Bit Axe
16:52 Bow Saw
16:36 Fletching
21:25 Padded Archer Armor
26:53 Horse Collar
27:52 Wheelbarrow
28:59 Bodkin Arrow
Connection lost

Rejoining the realm…

Still unreachable

The connection could not be restored.

Session expired

The server has moved on; the page needs a fresh start.